 Dungeon Crawl Stone Soup version 0.30-a0-778-g2ef04afb54 (webtiles) character file.

Game seed: 2597090918200508049

5435 retardedninja the Cleaver (level 10, -3/91 HPs)
             Began as a Minotaur Fighter on Feb 15, 2023.
             Was a Priest of the Shining One.
             Slain by a manticore (10 damage)
             ... on level 9 of the Dungeon.
             The game lasted 00:11:11 (6886 turns).

retardedninja the Cleaver (Minotaur Fighter)        Turns: 6886, Time: 00:11:11

Health: -3/91      AC: 18    Str: 25    XL:     10   Next: 41%
Magic:  0/9        EV:  7    Int:  5    God:    the Shining One [***...]
Gold:   214        SH:  6    Dex: 16    Spells: 9/9 levels left

rFire   . . .      SeeInvis .    r - +0 broad axe (flame)
rCold   . . .      Faith    .    c - +0 buckler
rNeg    + . .      Spirit   +    u - +1 plate armour
rPois   .          Reflect  .    (helmet restricted)
rElec   .          Harm     .    x - +0 cloak
rCorr   .          Rampage  .    n - +0 pair of gloves
Will    .....                    (no boots) Stlth
                                 q - amulet of guardian spirit
HPRegen 0.35/turn                v - +6 ring of dexterity
MPRegen 0.11/turn                (no ring)

@: about to teleport, glowing
A: horns 2, retaliatory headbutt
a: Renounce Religion, Divine Shield, Cleansing Flame


You were on level 9 of the Dungeon.
You worshipped the Shining One.
The Shining One was most pleased with you.
You visited 2 branches of the dungeon, and saw 10 of its levels.

You collected 438 gold pieces.
You spent 224 gold pieces at shops.

Inventory:

Hand Weapons
 r - a +0 broad axe of flaming (weapon)
Missiles
 h - 11 javelins (quivered)
Armour
 c - a +0 buckler (worn)
 n - a +0 pair of gloves (worn)
 u - a +1 plate armour (worn)
 x - a +0 cloak (worn)
Jewellery
 q - an amulet of guardian spirit (around neck)
 v - a +6 ring of dexterity (left hand)
 z - a ring of protection from cold
Wands
 d - a wand of flame (8)
Scrolls
 a - a scroll of blinking {unknown}
 i - a scroll of magic mapping
 j - 5 scrolls of teleportation
 k - a scroll of torment {unknown}
 l - a scroll of enchant armour
 m - 2 scrolls of poison
 y - a scroll of immolation {unknown}
Potions
 b - 3 potions of mutation
 e - 3 potions of attraction {unknown}
 f - 2 potions of lignification
 g - a potion of berserk rage
 o - 4 potions of resistance
 s - a potion of magic
 w - a potion of cancellation {unknown}


   Skills:
 + Level 9.1 Fighting
 * Level 11.9 Axes
 + Level 9.2 Armour
 + Level 9.1 Shields


You had 9 spell levels left.
You didn't know any spells.
Your spell library contained the following spells:

 Spells                   Type           Power      Damage    Failure   Level
 Animate Dead             Necr           0%         N/A       100%        4
 Petrify                  Tmut/Erth      0%         N/A       100%        4
 Borgnjor's Vile Clutch   Necr/Erth      0%         N/A       100%        5
 Metabolic Englaciation   Hex/Ice        0%         N/A       100%        5
 Death Channel            Necr           0%         N/A       100%        6
 Statue Form              Tmut/Erth      0%         N/A       100%        6


Dungeon Overview and Level Annotations

Branches:
Dungeon (9/15)             Temple (1/1) D:4
   Lair: D:8-11         Orc: D:9-12

Altars:
Ashenzari
Cheibriados
Dithmenos
Elyvilon
Fedhas
Gozag
Hepliaklqana
Kikubaaqudgha
Makhleb
Qazlal
Ru
Sif Muna
Uskayaw
Vehumet
Wu Jian
Xom
Yredelemnul
Zin
The Shining One

Shops:
D:1 (   D:3 *   D:5 *(?   D:8 =

Annotations:
D:6 1 runed translucent door, Crazy Yiuf


Innate Abilities, Weirdness & Mutations

You have a pair of horns on your head.
You reflexively headbutt those who attack you in melee.


Message History

The manticore bites you!
* * * LOW HITPOINT WARNING * * *
The manticore claws you but does no damage.
The manticore claws you.
The basilisk bites you but does no damage.
The tengu warrior hits you with a +0 battleaxe.
* * * LOW HITPOINT WARNING * * *
The tengu warrior pecks you.
* * * LOW HITPOINT WARNING * * *
The tengu warrior claws you but does no damage.
The hornet stings you but does no damage.
The orc wizard mumbles some strange words.
The orc wizard flickers and vanishes for a moment.
The manticore bites you.
* * * LOW HITPOINT WARNING * * *
The manticore claws you but does no damage. x2
The basilisk bites you.
* * * LOW HITPOINT WARNING * * *
The hornet stings you but does no damage.
The tengu warrior hits you with a +0 battleaxe.
* * * LOW HITPOINT WARNING * * *
The tengu warrior pecks you but does no damage.
The tengu warrior claws you but does no damage.
You turn to flesh and can move again.
You feel much better. The hornet barely misses you.
The orc wizard hits you but does no damage.
The manticore bites you but does no damage.
You block the manticore's attack. x2; You block the basilisk's attack.
The tengu warrior hits you with a +0 battleaxe!
* * * LOW HITPOINT WARNING * * *
The tengu warrior pecks you.
* * * LOW HITPOINT WARNING * * *
The tengu warrior claws you but does no damage.
As you read the scroll of teleportation, it crumbles to dust.
You feel strangely unstable.
The orc wizard hits you but does no damage.
The manticore bites you!
* * * LOW HITPOINT WARNING * * *
The manticore barely misses you. The manticore claws you!
You die...

#######
##.....##.#
#....ยง....#
#.#.)##.......
#...#[####...#
#.#.##).Q#####.
#..#..#H@uy.....
#.##..#lo#D...)#
#. #..##o. ####.
#. ##..#..# #
#..#..# ##..#..#
#..##..#
#..#..#. #..#


You could see a cyan ugly thing, a tengu warrior, a manticore, a basilisk, a
hornet, a steam dragon and 2 orc wizards.

Vanquished Creatures
  Pikel (D:3)
  3 hornets
  Prince Ribbit (D:6)
  Sigmund (D:3)
  3 steam dragons
  Menkaure (D:7)
  An acid dragon (D:8)
  A water moccasin (D:4)
  2 orc warriors
  2 ogres
  A centaur (D:9)
  3 lemures
  A kobold brigand (D:7)
  Blork the orc (D:4)
  2 bullfrogs (D:7)
  A necrophage (D:5)
  A gnoll sergeant (D:9)
  4 scorpions
  20 wights
  14 killer bees
  A hound (D:5)
  3 jellies
  5 orc priests
  A gnoll bouda (D:9)
  An iguana (D:6)
  4 orc wizards
  Robin (D:4)
  9 gnolls
  3 adders
  2 shadow imps
  3 white imps
  2 ufetubi
  3 worms
  4 dart slugs
  22 orcs
  10 endoplasms
  2 giant cockroaches
  9 hobgoblins
  2 jackals (D:2)
  10 kobolds
  5 quokkas
  5 ball pythons
  7 bats
  A frilled lizard (D:2)
  11 goblins
  3 rats
193 creatures vanquished.

Vanquished Creatures (others)
  A killer bee (D:9)
  6 fungi (D:6)
7 creatures vanquished.

Grand Total: 200 creatures vanquished

Notes
Turn   | Place    | Note
-------+----------+-------------------------------------------
     0 | D:1      | retardedninja the Minotaur Fighter began the quest for the
                  | Orb.
     0 | D:1      | Reached XP level 1. HP: 19/19 MP: 0/0
   167 | D:1      | Reached XP level 2. HP: 27/27 MP: 1/1
   319 | D:1      | Reached skill level 3 in Axes
   511 | D:1      | Reached XP level 3. HP: 29/33 MP: 2/2
   531 | D:1      | Found Jalyick's Weapon Shop.
  1023 | D:2      | Found an ancient bone altar of Kikubaaqudgha.
  1314 | D:3      | Reached XP level 4. HP: 40/40 MP: 3/3
  1388 | D:1      | Bought a +0 broad axe of flaming for 119 gold pieces
  1481 | D:3      | Found a hazy altar of Hepliaklqana.
  1501 | D:3      | Reached skill level 4 in Axes
  1826 | D:3      | Found a white marble altar of Elyvilon.
  1941 | D:3      | Reached XP level 5. HP: 47/47 MP: 4/4
  1945 | D:3      | Found Ettuj's Assorted Antiques.
  2409 | D:3      | Noticed Sigmund
  2426 | D:3      | Killed Sigmund
  2427 | D:3      | Reached skill level 5 in Axes
  2427 | D:3      | Reached skill level 5 in Armour
  2427 | D:3      | Reached XP level 6. HP: 49/55 MP: 5/5
  2527 | D:4      | Reached skill level 5 in Fighting
  2527 | D:4      | Reached skill level 5 in Shields
  2577 | D:4      | Noticed Pikel
  2587 | D:4      | Noticed Robin
  2593 | D:4      | HP: 1/56 [goblin/+0 dagger[Robin] (3)]
  3092 | D:3      | Killed Pikel
  3093 | D:3      | Reached skill level 6 in Axes
  3093 | D:3      | Reached XP level 7. HP: 48/62 MP: 3/6
  3155 | D:4      | Killed Robin
  3156 | D:4      | Reached skill level 7 in Axes
  3213 | D:4      | Noticed Blork the orc
  3221 | D:4      | Killed Blork the orc
  3278 | D:4      | Found a staircase to the Ecumenical Temple.
  3303 | D:4      | Reached XP level 8. HP: 51/70 MP: 3/7
  3390 | Temple   | Entered the Ecumenical Temple
  3431 | Temple   | Became a worshipper of the Shining One
  3942 | D:5      | Entered Level 5 of the Dungeon
  4143 | D:5      | Reached skill level 8 in Axes
  4403 | D:5      | Found Limuommo's Weapon Boutique.
  4439 | D:5      | Found Urchunaym's Magic Scroll Emporium.
  4457 | D:5      | Found Empe Unanad's Assorted Antiques.
  4493 | D:5      | Found Suisussi's Antique Armour Shop.
  4640 | D:5      | Bought a scroll of enchant armour for 105 gold pieces
  4696 | D:6      | Reached skill level 9 in Axes
  4751 | D:6      | Reached * piety under the Shining One
  4802 | D:6      | Found a runed translucent door.
  4803 | D:6      | Noticed Crazy Yiuf
  5093 | D:6      | Reached XP level 9. HP: 58/79 MP: 6/8
  5362 | D:6      | Noticed Prince Ribbit
  5368 | D:6      | Killed Prince Ribbit
  5568 | D:7      | Noticed Menkaure
  5575 | D:7      | Killed Menkaure
  5576 | D:7      | Reached skill level 10 in Axes
  5897 | D:7      | Reached ** piety under the Shining One
  5933 | D:7      | Paralysed by a hornet for 1 turns
  5939 | D:7      | Paralysed by a hornet for 3 turns
  6346 | D:7      | Found a blossoming altar of Fedhas.
  6365 | D:7      | Found a radiant altar of Vehumet.
  6369 | D:7      | Paralysed by a hornet for 1 turns
  6372 | D:7      | Reached skill level 11 in Axes
  6439 | D:8      | Reached XP level 10. HP: 90/90 MP: 9/9
  6460 | D:8      | Found Xiziomal's Jewellery Emporium.
  6709 | D:9      | Reached *** piety under the Shining One
  6868 | D:9      | Noticed a manticore
  6876 | D:9      | Noticed a tengu warrior
  6880 | D:9      | Noticed a cyan ugly thing
  6886 | D:9      | Slain by a manticore

Illustrated notes

Levels and vault maps discovered:
D:1:      dpeg_arrival_oval, layout_basic, serial_shops,
          nicolae_shop_bloodbath_and_beyond, minmay_pentomino_x4
D:2:      layout_rooms, basic_altar
D:3:      layout_basic, nicolae_overflow_squiral, serial_shops,
          nicolae_shop_behind_doors, uniq_sigmund
D:4:      layout_cave_pools, temple_pool_b, serial_glass, glass_columns_a,
          glass_columns_b, uniq_robin, uniq_pikel, uniq_blork_the_orc
D:5:      layout_rooms, serial_shops, shop, nicolae_shop_behind_doors,
          shop_fountains, nicolae_shop_window_shopping, dk_noncrumbling_3
D:6:      kennysheep_steamy, layout_loops_ring, minmay_misc_feat_columns,
          uniq_prince_ribbit1, uniq_crazy_yiuf_cottage
D:7:      layout_gridville, mainiacjoe_overflow_big_doors,
          kennysheep_generic_room_9, uniq_menkaure
D:8:      layout_basic, trog_ov_bears_minmay, serial_shops,
          nicolae_shop_crystal, nrook_uturn
D:9:      layout_rooms, nemelex_diamond_rough_becter, okawaru_trees_1,
          minmay_pinched_square
Temple:   eino_wide_crystal_templ

Skill      XL: |  1  2  3  4  5  6  7  8  9 10 |
---------------+-------------------------------+-----
Axes           | 3 4 5 6 7 9 11 | 11.9
Shields        | 4 5 6 7 8 9 |  9.1
Fighting       | 4 5 6 7 8 9 |  9.1
Armour         | 4 5 6 7 8 9 |  9.2

Action                     |  1- 3 |  4- 6 |  7- 9 | 10-12 || total
---------------------------+-------+-------+-------+-------++-------
  Melee: War axe           |    51 |     1 |       |       ||    52
         Headbutt          |     6 |     6 |    42 |    11 ||    65
         Broad axe         |       |    73 |   190 |    66 ||   329
  Throw: Javelin           |    10 |    22 |       |       ||    32
  Evoke: Wand              |       |       |       |     2 ||     2
    Use: Potion            |       |     7 |     5 |     1 ||    13
         Scroll            |       |       |    11 |     1 ||    12
 Armour: Scale mail        |     5 |       |       |       ||     5
         Chain mail        |    24 |    71 |    41 |       ||   136
         Skin              |       |    10 |       |       ||    10
         Plate armour      |       |       |    91 |    62 ||   153
  Dodge: Dodged            |    18 |    39 |    63 |    25 ||   145
  Block: Buckler           |    15 |    25 |    67 |    29 ||   136

Table legend: (Time is in decaauts)
 A = Elapsed time spent in this place.
 B = Non-inter-level travel time spent in this place.
 C = Inter-level travel time spent in this place.
 D = Time resting spent in this place.
 E = Time spent auto-exploring this place.
 F = Levels seen in this place.
 G = Mean time per level.
                   A        B        C        D        E       F      G
               +--------+--------+--------+--------+--------+-----+--------+
         Total |   7001 |   6681 |    320 |   1601 |   3799 |  10 |  700.1 |
       Dungeon |   6931 |   6623 |    308 |   1601 |   3762 |   9 |  770.1 |
        Temple |     69 |     57 |     12 |      0 |     37 |   1 |   69.0 |
               +--------+--------+--------+--------+--------+-----+--------+

Top non-repeatable levels by time:
     D:3: 1723 daAuts
     D:1: 923 daAuts
     D:4: 910 daAuts
     D:6: 873 daAuts
     D:7: 864 daAuts
     D:5: 736 daAuts
     D:2: 401 daAuts
     D:8: 282 daAuts
     D:9: 215 daAuts
  Temple: 69 daAuts
